 Dungeon Crawl Stone Soup version 0.31-a0-879-g1609e0ac53 (webtiles) character file.

Game seed: 12811127531043607484

201 browni3141 the Conjurer (level 6, -5/35 HPs)
             Began as a Kobold Reaver on Oct 14, 2023.
             Slain by Pikel
             ... wielding a +2 whip of electrocution
              (11 damage)
             ... on level 4 of the Dungeon.
             The game lasted 00:09:25 (3595 turns).

browni3141 the Conjurer (Kobold Reaver)             Turns: 3595, Time: 00:09:25

Health: -5/35      AC:  7    Str:  9    XL:     6   Next: 7%
Magic:  12/19      EV: 14    Int: 17    God:
Gold:   239        SH:  0    Dex: 13    Spells: 5/11 levels left

rFire   . . .        q - +1 whip (elec)
rCold   . . .        (no shield)
rNeg    . . .        r - +0 troll leather armour
rPois   +            B - +0 helmet
rElec   .            y - +1 cloak {rPois}
rCorr   .            (no gloves)
SInv    .            i - +0 pair of boots
Will    .....        c - amulet of the acrobat
Stlth   +++          k - ring of magical power
HPRegen 1.05/turn    (no ring)
MPRegen 0.16/turn

%: acrobat
@: on blink cooldown, very slightly contaminated
A: small, no large weapons, nightstalker 3
a: no special abilities


You were on level 4 of the Dungeon.
You visited 1 branch of the dungeon, and saw 4 of its levels.

You collected 239 gold pieces.

Inventory:

Hand Weapons
 a - a +0 spear
 o - a +2 falchion of draining
 q - a +1 whip of electrocution (weapon)
Missiles
 j - 4 poisoned darts (quivered)
Armour
 b - a +0 leather armour
 i - a +0 pair of boots (worn)
 r - a +0 troll leather armour (worn)
 y - a +1 cloak of poison resistance (worn)
 A - a +2 animal skin
 B - a +0 helmet (worn)
Jewellery
 c - an amulet of the acrobat (around neck)
 k - a ring of magical power (left hand)
 v - a ring of poison resistance
Wands
 D - a wand of polymorph (6)
Scrolls
 g - a scroll of butterflies {unknown}
 l - a scroll of revelation {unknown}
 m - 2 scrolls of identify {unknown}
 p - a scroll of fog {unknown}
 s - a scroll of teleportation {unknown}
 t - a scroll of blinking {unknown}
 u - a scroll of brand weapon {unknown}
 w - a scroll of vulnerability {unknown}
Potions
 d - 3 potions of heal wounds {unknown}
 e - 2 potions of curing {unknown}
 f - 2 potions of cancellation {unknown}
 h - a potion of degeneration {unknown}
 n - a potion of brilliance {unknown}
 x - a potion of haste {unknown}
 z - a potion of ambrosia {unknown}
 C - a potion of enlightenment {unknown}


   Skills:
 - Level 2.1 Fighting
 - Level 2.4 Polearms
 - Level 3.0 Dodging
 - Level 2.0 Stealth
 + Level 3.0 Spellcasting
 - Level 3.0 Conjurations
 - Level 2.0 Necromancy
 - Level 3.0 Translocations
 - Level 2.0 Fire Magic


You had 5 spell levels left.
You knew the following spells:

 Your Spells              Type           Power      Damage    Failure   Level
a - Kiss of Death         Conj/Necr      44%        2d8       9%          1
b - Momentum Strike       Conj/Tloc      24%        3d8       11%         2
c - Foxfire               Conj/Fire      44%        2x1d6     9%          1
d - Blink                 Tloc           24%        N/A       11%         2

Your spell library contained the following spells:

 Spells                   Type           Power      Damage    Failure   Level
 Necrotise                Necr           36%        1d5       11%         1
 Lesser Beckoning         Tloc           24%        N/A       11%         2
 Vampiric Draining        Necr           9%         2d6       32%         3
 Hailstorm                Conj/Ice       7%         3d4       36%         3
 Agony                    Necr           9%         N/A       96%         5


Dungeon Overview and Level Annotations

Branches:
Dungeon (4/15)
 Temple: D:4-7

Altars:
Dithmenos
Elyvilon
Nemelex Xobeh
Okawaru

Annotations:
D:4 3 runed translucent doors, Pikel


Innate Abilities, Weirdness & Mutations

You are small and have problems with some larger weapons.
You are completely attuned to the shadows.


Message History

The concentrated momentum hits Pikel!
Pikel is severely wounded.
You are unable to move.
Pikel enters a dispersal trap!
The lemure blinks!
You blink.
Pikel blinks!
Unknown command.
Casting: Momentum Strike (safe; 11% risk of failure)
Confirm with . or Enter, or press ? or * to list all spells.
You miscast Blink.
You are very lightly contaminated with residual magic.
Nothing appears to happen.
The endoplasm quivers.
The endoplasm jiggles.
The lemure hits you.
Unknown command.
Casting: Blink (safe; 11% risk of failure)
Confirm with . or Enter, or press ? or * to list all spells.
You miscast Blink.
Nothing appears to happen.
The endoplasm quivers.
Pikel hits you with a +2 whip of electrocution.
The lemure barely misses you.
Unknown command.
Casting: Blink (safe; 11% risk of failure)
Confirm with . or Enter, or press ? or * to list all spells.
You blink.
Unknown command.
You throw a poisoned dart. The poisoned dart hits Pikel.
Pikel is poisoned.
Pikel is heavily wounded.
You closely miss Pikel.
Pikel is heavily wounded.
Pikel hits you with a +2 whip of electrocution.
Pikel says, "All the lords of Hell know my name!"
Pikel hits you with a +2 whip of electrocution!
You hit Pikel but do no damage.
Pikel is severely wounded.
You are no longer robbed of momentum.
The lemure hits you!
Pikel hits you with a +2 whip of electrocution!
* * * LOW HITPOINT WARNING * * *
You are electrocuted!
You die...
Pikel says, "Another soul for the market."

.....##########...+..# #.$#..#
.......K5(........+... .[.#(.#
......#########...+..# #!.#..####
.....<..# #####...#J..#...#......
.....##.###.......#J......#..####
.....##...§.......#########..#
#######.(....^..(............#
##...#######K5...........#
###..#.# ##.@......###.###
#......#####....#.#..###.#
###.#.###......÷.##........#
#.>.#.# #........#####...###
..###.# #........# ###.# #####.#
#........# #.### ###...#
#........# #...# #.<.###
#........# ##..# #.### ##########
##.#


You could see Pikel (poisoned) and a lemure.

Vanquished Creatures
  3 lemures
  A hound (D:4)
  Robin (D:3)
  A gnoll (D:1)
  4 adders
  3 worms
  2 dart slugs
  3 orcs
  7 endoplasms
  A giant cockroach (D:1)
  14 goblins
  6 hobgoblins
  14 jackals
  5 quokkas
  9 ball pythons
  A bat (D:2)
  2 frilled lizards (D:2)
  5 kobolds
  14 rats
96 creatures vanquished.

Vanquished Creatures (others)
  41 foxfires
41 creatures vanquished.

Grand Total: 137 creatures vanquished

Notes
Turn   | Place    | Note
-------+----------+-------------------------------------------
     0 | D:1      | browni3141 the Kobold Reaver began the quest for the Orb.
     0 | D:1      | Reached XP level 1. HP: 12/12 MP: 3/3
     0 | D:1      | Noticed a demigod
     3 | D:1      | Noticed a ghoul
     3 | D:1      | Noticed a formicid
     5 | D:1      | Noticed a demonspawn
     7 | D:1      | Noticed an octopode
     8 | D:1      | Noticed a barachi
    11 | D:1      | Noticed a spriggan
    11 | D:1      | Noticed a vine stalker
    13 | D:1      | Noticed a human
    13 | D:1      | Noticed an ogre
    15 | D:1      | Noticed an elf
    17 | D:1      | Noticed a felid
    17 | D:1      | Noticed an octopode
    17 | D:1      | Noticed a draconian
    19 | D:1      | Noticed a gargoyle
    19 | D:1      | Noticed a demonspawn
    24 | D:1      | Noticed a minotaur
   192 | D:1      | Reached XP level 2. HP: 17/17 MP: 5/5
   207 | D:1      | Reached skill level 1 in Stealth
   207 | D:1      | Reached skill level 1 in Necromancy
   527 | D:1      | Learned a level 2 spell: Momentum Strike
   639 | D:1      | Found a faded altar of an unknown god.
   658 | D:1      | Got a humming book
   666 | D:1      | Reached XP level 3. HP: 21/21 MP: 6/6
  1069 | D:1      | Learned a level 1 spell: Foxfire
  1151 | D:1      | Reached skill level 1 in Translocations
  1249 | D:1      | Reached XP level 4. HP: 26/26 MP: 7/7
  1680 | D:2      | Found a white marble altar of Elyvilon.
  1807 | D:2      | Reached skill level 1 in Fire Magic
  2605 | D:3      | Found a sparkling altar of Nemelex Xobeh.
  2651 | D:3      | Found a shadowy altar of Dithmenos.
  2693 | D:3      | Reached XP level 5. HP: 26/27 MP: 8/8
  2723 | D:3      | Noticed Robin
  2727 | D:3      | Killed Robin
  2820 | D:3      | Found an iron altar of Okawaru.
  3043 | D:4      | Learned a level 2 spell: Blink
  3193 | D:4      | Reached XP level 6. HP: 35/35 MP: 10/10
  3224 | D:4      | Found a runed translucent gate.
  3224 | D:4      | Found a runed translucent gate.
  3224 | D:4      | Found a runed translucent gate.
  3297 | D:4      | Noticed Pikel
  3595 | D:4      | Slain by Pikel

Illustrated notes

Levels and vault maps discovered:
D:1:      shiori_arrival_whats_in_store_for_you, layout_basic,
          shapermc_ecumenical_altar_rom_forum, minmay_rat_gold_closets
D:2:      layout_rooms, basic_altar, kennysheep_generic_room_7
D:3:      layout_rooms, nemelex_dance_club_becter,
          mainiacjoe_overflow_divided_tiny, kennysheep_generic_room_2,
          uniq_robin
D:4:      layout_rooms, gammafunk_ghost_split, uniq_pikel

Skill      XL: |  1  2  3  4  5  6 |
---------------+-------------------+-----
Stealth        | 1 2 |  2.0
Necromancy     | 1 2 |  2.0
Dodging        | 3 |  3.0
Translocations | 1 2 3 |  3.0
Fire Magic     | 1 2 |  2.0
Spellcasting   | 3 |  3.0
Fighting       | |  2.1
Polearms       | |  2.4
Conjurations   | |  3.0

Action                     |  1- 3 |  4- 6 || total
---------------------------+-------+-------++-------
  Melee: Spear             |   132 |    49 ||   181
         Punch             |     2 |     3 ||     5
         Whip              |       |   156 ||   156
         Falchion          |       |     2 ||     2
  Throw: Dart              |       |     5 ||     5
   Cast: Kiss of Death     |     2 |     1 ||     3
         Foxfire           |     2 |    20 ||    22
         Momentum Strike   |     1 |     2 ||     3
         Blink             |       |     1 ||     1
   Stab: Sleeping          |    16 |    15 ||    31
 Armour: Leather armour    |    26 |     7 ||    33
         Troll leather arm |       |    82 ||    82
  Dodge: Dodged            |    79 |   165 ||   244

Table legend: (Time is in decaauts)
 A = Elapsed time spent in this place.
 B = Non-inter-level travel time spent in this place.
 C = Inter-level travel time spent in this place.
 D = Time resting spent in this place.
 E = Time spent auto-exploring this place.
 F = Levels seen in this place.
 G = Mean time per level.
                   A        B        C        D        E       F      G
               +--------+--------+--------+--------+--------+-----+--------+
         Total |   3608 |   3401 |    207 |      5 |   2525 |   4 |  902.0 |
       Dungeon |   3608 |   3401 |    207 |      5 |   2525 |   4 |  902.0 |
               +--------+--------+--------+--------+--------+-----+--------+

Top non-repeatable levels by time:
     D:1: 1395 daAuts
     D:3: 947 daAuts
     D:2: 683 daAuts
     D:4: 582 daAuts
